 Dungeon Crawl Stone Soup version 0.30.0-3-ga4e48a9924 (webtiles) character file.

Game seed: 2438783983421067953

53 zlionsfan the Firebug (level 3, 0/25 HPs)
             Began as a Barachi Fire Elementalist on May 7, 2023.
             Was a Priest of Uskayaw.
             Slain by a gnoll
             ... wielding a +0 club
              (3 damage)
             ... on level 2 of the Dungeon.
             The game lasted 00:04:30 (1434 turns).

zlionsfan the Firebug (Barachi Fire Elementalist)   Turns: 1434, Time: 00:04:30

Health: 0/25       AC:  2    Str:  9    XL:     3   Next: 87%
Magic:  1/7        EV: 12    Int: 17    God:    Uskayaw [***...]
Gold:   123        SH:  0    Dex: 12    Spells: 5/8 levels left

rFire   . . .        c - +0 dagger
rCold   . . .        (no shield)
rNeg    . . .        a - +0 robe
rPois   .            (no helmet)
rElec   .            (no cloak)
rCorr   .            (no gloves)
SInv    .            (no boots)
Will    .....        (no amulet)
Stlth   ++           (no ring)
HPRegen 0.24/turn    (no ring)
MPRegen 0.10/turn

%: no passive effects
@: very slightly contaminated, slow
A: amphibious, slowness 1, strong legs 1, +LOS
a: Hop, Renounce Religion, Stomp, Line Pass


You were on level 2 of the Dungeon.
You worshipped Uskayaw.
Uskayaw was noncommittal.
You visited 1 branch of the dungeon, and saw 2 of its levels.

You collected 123 gold pieces.

Inventory:

Hand Weapons
 c - a +0 dagger (weapon)
Missiles
 i - 4 boomerangs (quivered)
Armour
 a - a +0 robe (worn)
Scrolls
 d - a scroll of amnesia {unknown}
 e - 4 scrolls of fear {unknown}
 f - 3 scrolls of identify {unknown}
 g - a scroll of enchant weapon {unknown}
 h - 2 scrolls of brand weapon {unknown}
 j - a scroll of teleportation {unknown}
 l - a scroll of fog {unknown}
Potions
 b - a potion of magic
 k - a potion of attraction {unknown}


   Skills:
 * Level 0.4 Fighting
 + Level 2.2 Dodging
 + Level 2.1 Stealth
 * Level 3.0 Spellcasting
 + Level 1.1 Conjurations
 * Level 4.2 Fire Magic


You had 5 spell levels left.
You knew the following spells:

 Your Spells              Type           Power      Damage    Failure   Level
a - Foxfire               Conj/Fire      44%        2x1d6     6%          1
b - Scorch                Fire           34%        2d6       4%          2

Your spell library contained the following spells:

 Spells                   Type           Power      Damage    Failure   Level
 Slow                     Hex            8%         N/A       17%         1
 Inner Flame              Hex/Fire       9%         N/A       22%         3
 Volatile Blastmotes      Fire/Tloc      18%        2d11      22%         3
 Confusing Touch          Hex            2%         N/A       45%         3
 Vampiric Draining        Necr           2%         2d6       45%         3
 Flame Wave               Conj/Fire      11%        2d6       50%         4


Dungeon Overview and Level Annotations

Branches:
Dungeon (2/15)

Altars:
Uskayaw

Shops:
D:1 (

Annotations:
D:2 Sigmund


Innate Abilities, Weirdness & Mutations

You are amphibious.
You cover ground slowly.
You can hop short distances.
You have an extended range of vision and can be seen from far away.


Message History

Confirm with . or Enter, or press ? or * to list all spells.
You miscast Foxfire.
You are very lightly contaminated with residual magic.
Nothing appears to happen.
The gnoll hits you with a +0 flail!
Casting: Foxfire (safe; 6% risk of failure)
Confirm with . or Enter, or press ? or * to list all spells.
You miscast Foxfire.
Nothing appears to happen.
Casting: Foxfire (safe; 6% risk of failure)
Confirm with . or Enter, or press ? or * to list all spells.
You conjure some foxfire!
The foxfire hits the gnoll.
You kill the gnoll!
Your Spellcasting skill increases to level 3!
The gnoll attacks as you move away! The gnoll misses you.
The foxfire hits the gnoll but does no damage.
Casting: Foxfire (safe; 6% risk of failure)
Confirm with . or Enter, or press ? or * to list all spells.
You conjure some foxfire!
The gnoll hits you with a +1 flail of protection!
* * * LOW HITPOINT WARNING * * *
The foxfire hits the gnoll.
The gnoll is lightly wounded.
The foxfire hits the gnoll.
The gnoll is moderately wounded.
Casting: Foxfire (safe; 6% risk of failure)
Confirm with . or Enter, or press ? or * to list all spells.
You conjure some foxfire!
Found a ring mail.
The foxfire hits the gnoll.
The gnoll is lightly wounded.
The foxfire hits the gnoll.
The gnoll is moderately wounded.
Uskayaw will force your foes to helplessly watch your dance.
Uskayaw prepares the audience for your solo!
The gnoll is no longer paralysed.
The worm is no longer paralysed.
The gnoll hits you with a +0 club.
* * * LOW HITPOINT WARNING * * *
The gnoll completely misses you.
You barely miss the gnoll.
The gnoll is moderately wounded.
The gnoll hits you with a +0 club.
You die...

######### ## #.......#
.... #.......# #########
......##.......###........
.........@..............[.
......#...gw..†...........
......#####.#.............
.[ ........g.##...........
##........###..........
#.....................
#...#...####..........
###.#.... ...#........ #
..... ...########.


You could see a worm and 2 gnolls.

Vanquished Creatures
  2 gnolls
  2 dart slugs (D:2)
  5 ball pythons (D:1)
  A giant cockroach (D:2)
  6 goblins
  A hobgoblin (D:1)
  4 kobolds
  4 bats
  3 frilled lizards
  2 rats (D:1)
30 creatures vanquished.

Vanquished Creatures (others)
  67 foxfires
67 creatures vanquished.

Grand Total: 97 creatures vanquished

Notes
Turn   | Place    | Note
-------+----------+-------------------------------------------
     0 | D:1      | zlionsfan the Barachi Fire Elementalist began the quest for
                  | the Orb.
     0 | D:1      | Reached XP level 1. HP: 13/13 MP: 3/3
   349 | D:1      | Found Lodicaw's Weapon Shoppe.
   381 | D:1      | Reached XP level 2. HP: 19/19 MP: 3/5
   384 | D:1      | Learned a level 2 spell: Scorch
   517 | D:1      | Found a faded altar of an unknown god.
   530 | D:1      | Prayed at the altar of an unknown god.
   530 | D:1      | Became a worshipper of Uskayaw the Reveller
   530 | D:1      | Reached * piety under Uskayaw
   641 | D:1      | Reached skill level 4 in Fire Magic
   733 | D:1      | Reached XP level 3. HP: 24/24 MP: 4/6
  1201 | D:2      | Reached ** piety under Uskayaw
  1262 | D:2      | Noticed Sigmund
  1432 | D:2      | Reached *** piety under Uskayaw
  1434 | D:2      | Slain by a gnoll

Illustrated notes

Levels and vault maps discovered:
D:1:      minmay_arrival_pointy, layout_loops_corners,
          ebering_ecumenical_altar_abandoned, serial_shops, shop,
          chequers_serial_rivers_micro_a, chequers_serial_rivers_micro_d
D:2:      layout_rooms, minmay_octomino_j4, uniq_sigmund

Skill      XL: |  1  2  3 |
---------------+----------+-----
Stealth        | 2 |  2.1
Fire Magic     | 4 |  4.2
Spellcasting   | 3 |  3.0
Fighting       | |  0.4
Dodging        | |  2.2
Conjurations   | |  1.1

Action                     || total
---------------------------++-------
  Melee: Dagger            ||    11
   Cast: Foxfire           ||    40
 Armour: Robe              ||     2
  Dodge: Dodged            ||    12
